Kronan, chaotic male vampiric Barbarian ----------- |.........| |.........+ |......<..| --|-------- ### # ## -----|----- |..........###### |.......<.|########## |..........######### |.....{...| # |.........+ ########################d@d# ----------- # d--.------- ###|........| #.........| |........| ---------- Kronan the Brigand Experience level: 10 Strength: 17 Dexterity: 18 Constitution: 20 Intelligence: 7 Wisdom: 7 Charisma: 6 Health: 0(122) Energy: 35(35) AC: -2 Gold: 931 Moves: 4496 Your Inventory: Coins $ - 931 gold pieces Weapons b - an uncursed +0 short sword (alternate weapon; not wielded) B - the blessed rustproof +0 Cleaver (weapon in hands) Armor e - an [uncursed] +2 orcish helm (being worn) n - an [uncursed] +0 pair of iron shoes (being worn) r - an [uncursed] +1 dwarvish mithril-coat (being worn) w - an uncursed +0 orcish cloak Scrolls f - an [uncursed] scroll called uncurse [of remove curse] z - an uncursed scroll of teleportation F - a blessed scroll of teleportation I - an uncursed scroll of fire K - an uncursed scroll of magic mapping Z - an [uncursed] scroll of light Rings M - a cursed ring of aggravate monster Wands g - an uncursed wand of magic missile [0:5] j - an [uncursed] wand of digging [0:6] o - an uncursed wand of magic missile [0:6] p - an uncursed wand of digging [0:0] A - an uncursed wand of striking [0:3] N - an uncursed wand of striking (1:3) R - an [uncursed] wand called para? [of sleep (0:6)] T - an uncursed wand of magic missile [0:0] V - an uncursed wand of striking [0:0] W - an uncursed wand of magic missile [0:0] Tools v - an uncursed bag of holding E - an [uncursed] blindfold S - an [uncursed +0] unicorn horn X - an uncursed [oil] lamp Gems C - an uncursed luckstone Contents of the bag of holding: an uncursed [+0] dwarvish mattock a [cursed] scroll of create monster a [blessed] scroll of light an [uncursed] pink spellbook [of jumping] an [uncursed] potion called confuse [of confusion] 5 uncursed potions called water [of water] an uncursed potion of paralysis a [cursed] potion of paralysis an uncursed ring of regeneration Spells known in the end: Name Level Category Fail Memory Your skills at the end: Fighting Skills bare handed combat [Basic / Master] Weapon Skills axe [Skilled / Expert] short sword [Basic / Expert] Spellcasting Skills Final Attributes: You were piously aligned. Hunger level was -237. Your alignment was 32 / 32. Monster difficulty range was 1 - 9. Level difficulty was 8. You were immune to poison. You were immune to level-drain. You could fly. You could survive without air. You regenerated. You were fast. You were lucky (1). You had extra luck. Bad luck did not time out for you. Good luck did not time out for you. Set was angry with you (1). You are dead. Vanquished creatures: 2 small mimics a chameleon a leprechaun 3 orc-captains 3 giant spiders an ice vortex a gnome king a yeti a dwarf lord a blue jelly a white unicorn 4 apes a Woodland-elf a snow ant a water nymph 7 Mordor orcs 15 Uruk-hai 4 orc shamans an enormous rat a fog cloud 2 shriekers a violet fungus 14 gnome lords 5 gnomish wizards a barrow wight a floating eye a kitten 22 dwarves 14 hill orcs 5 rothes a rabid rat a monkey a dwarf zombie 8 killer bees a coyote a gas spore 6 hobbits 2 manes a large kobold a hobgoblin 2 giant rats a yellow mold 60 gnomes 3 geckos a jackal 2 foxes 3 kobolds 18 goblins 3 grid bugs 4 lichens 2 newts 239 creatures vanquished. Voluntary challenges: You used a wielded weapon 248 times. You read items or engraved 15 times. You put on armor 6 times. You never genocided any monsters. You never polymorphed an object. You never changed form. You used 1 wish. You did not wish for any artifacts. You never wrote Elbereth's name. You never encountered a bones level. You never used any Sokoban shortcuts. Dungeon overview: The Dungeons of Doom: levels 1 to 8 Level 1 an altar to Set, some fountains a long staircase Level 2 a sink stairs to The Gnomish Mines Level 3 an altar Level 4 a general store, a sink Level 5 a fountain Level 7 many fountains Level 8 <- You were here a fountain stairs to Sokoban The Gnomish Mines: levels 3 to 11 Level 3 stairs to The Dungeons of Doom Level 6 many shops, a temple to Set, a magic chest, some fountains Sokoban: Level 7 a magic chest stairs to The Dungeons of Doom History has recorded: On T:1 you entered the Dungeons of Doom to retrieve the Amulet of Yendor! On T:312 you reached level 2 of The Dungeons of Doom. On T:322 you advanced to experience level 2. On T:449 you reached level 1 of The Gnomish Mines. On T:473 you advanced to experience level 3. On T:481 you advanced to experience level 4. On T:564 you advanced to experience level 5. On T:769 you reached level 2 of The Gnomish Mines. On T:795 you advanced to experience level 6. On T:1083 you reached level 3 of The Gnomish Mines. On T:1167 you reached level 4 of The Gnomish Mines. On T:1218 you advanced to experience level 7. On T:1344 you received Cleaver from Set. On T:1370 you advanced to experience level 8. On T:1706 you reached level 5 of The Gnomish Mines. On T:1900 you reached level 6 of The Gnomish Mines. On T:1969 you reached level 7 of The Gnomish Mines. On T:2002 you advanced to experience level 9. On T:2108 you reached level 8 of The Gnomish Mines. On T:2250 you reached level 9 of The Gnomish Mines. On T:3174 you reached level 3 of The Dungeons of Doom. On T:3311 you reached level 4 of The Dungeons of Doom. On T:3613 you reached level 5 of The Dungeons of Doom. On T:3802 you reached level 6 of The Dungeons of Doom. On T:3909 you advanced to experience level 10. On T:4039 you reached level 7 of The Dungeons of Doom. On T:4127 you wished for "potions of water". On T:4240 you reached level 8 of The Dungeons of Doom. On T:4256 you reached level 3 of Sokoban. Latest messages: [30 turns] You smite the dwarf! You bite the dwarf. You kill the dwarf! The jackal misses. The werejackal bites! [HP-2=6] You faint from lack of food. [HP+1=7] The jackal bites! The werejackal bites! [HP-1=6] The jackal bites! (2x) The werejackal bites! [HP-3=3] [HP+1=4] The jackal misses. The jackal bites! The werejackal misses. The jackal misses. The jackal bites! The werejackal bites! [HP-2=2] The jackal bites! The jackal misses. The werejackal bites! You die... Final status: Goodbye Kronan the Barbarian... You died in The Dungeons of Doom on dungeon level 8 with 11153 points, and 931 pieces of gold, after 4496 moves. You were level 10 with a maximum of 122 hit points when you died.